 Dungeon Crawl Stone Soup version 0.17-a0-1989-gfb2cd5c (webtiles) character file.

5105 Ordine the Fighter (level 10, -6/79 HPs)
             Began as an Octopode Fighter on Oct 7, 2015.
             Was an Initiate of Dithmenos.
             Shot with an arrow by a centaur (8 damage)
             ... on level 8 of the Dungeon.
             The game lasted 00:30:29 (10621 turns).

Ordine the Fighter (Octopode Fighter)              Turns: 10621, Time: 00:30:29

Health: -6/79      AC:  3    Str: 13 (16) XL:     10   Next: 57%
Magic:  0/19       EV: 11    Int:  9 (10) God:    Dithmenos [......]
Gold:   45         SH:  0    Dex: 14 (15) Spells: 0 memorised, 9 levels left

rFire  . . .     SeeInvis .     q - +2 double sword (drain)
rCold  . . .     Clarity  .     b - +0 shield
rNeg   . . .     SustAt   .     (helmet restricted)
rPois  +         Gourm    .     o - amulet of guardian spirit
rElec  .         Spirit   +     f - ring of poison resistance
rCorr  .         Warding  .     g - ring of stealth
rMut   .         Stasis   .     l - ring of magical power
MR     .....                    (no ring)
Stlth  +++.......               (no ring)
                                (no ring)
                                (no ring)
                                (no ring)

@: confused, lethally poisoned (-6 -> -16), about to teleport, not resistant to
hostile enchantments, fairly stealthy
A: almost no armour, amphibious, 8 rings, constrict 8, thin metallic scales 1,
camouflage 1, deterioration 1, poison resistance, screaming 1, gelatinous body
1, no device heal 1
a: Renounce Religion


You were on level 8 of the Dungeon.
You worshipped Dithmenos.
Dithmenos was noncommittal.
You were not hungry.

You visited 2 branches of the dungeon, and saw 9 of its levels.
You also visited: Ossuary.

You collected 405 gold pieces.
You spent 360 gold pieces at shops.

Inventory:

Hand Weapons
 q - a +2 double sword of draining (weapon)
Missiles
 e - 421 stones (quivered)
 j - 11 poisoned needles
 p - 9 curare-tipped needles
Armour
 b - a +0 shield (worn)
Jewellery
 a - an uncursed amulet of resist corrosion
 f - a ring of poison resistance (left tentacle)
 g - a ring of stealth (right tentacle)
 k - an uncursed amulet of warding
 l - a ring of magical power (on tentacle)
 o - an amulet of guardian spirit (around mantle)
Scrolls
 h - 2 scrolls of remove curse
 n - a scroll of teleportation
 r - a scroll of fear
 s - a scroll of recharging
Potions
 i - a potion of brilliance {unknown}
 t - a potion of agility {unknown}
 v - a potion of lignification
 x - a potion of flight {unknown}
 z - 4 potions of berserk rage
Comestibles
 c - 3 beef jerkies
 d - 9 bread rations
 m - 6 chunks of flesh
 C - 8 slices of pizza


   Skills:
 + Level 11.2 Fighting
 + Level 10.8 Long Blades
 - Level 3.0 Dodging
 - Level 3.0 Shields


You had 9 spell levels left.
You didn't know any spells.

Dungeon Overview and Level Annotations

Branches:
Dungeon (8/15)             Temple (1/1) D:4
   Lair: D:8-11

Altars:
Ashenzari
Cheibriados
Dithmenos
Elyvilon
Fedhas
Gozag
Kikubaaqudgha
Makhleb
Nemelex Xobeh
Okawaru
Qazlal
Ru
Sif Muna
Trog
Vehumet
Xom
Yredelemnul
Zin

Shops:
D:8 (

Annotations:
D:8 Ordine's ghost, novice OpFi


Innate Abilities, Weirdness & Mutations

You cannot wear most types of armour.
You are amphibious.
You can wear up to eight rings at the same time.
You can use your tentacles to constrict eight enemies at once.
Your skin changes colour to match your surroundings (Stealth).
Your rubbery body absorbs attacks (AC +1).
You are partially covered in thin metallic scales (AC +2).
Your body sometimes deteriorates upon taking damage.
Your system is resistant to poisons.
You occasionally shout uncontrollably at your foes.
Potions and wands are less effective at restoring your health.


Message History

You block the worker ant's attack.
Read which item? (? for menu, Esc to quit)
As you read the scroll of teleportation, it crumbles to dust.
You feel strangely unstable.
You constrict the worker ant.
You feel sick.
The centaur shoots an arrow.
The arrow hits you!
* * * LOW HITPOINT WARNING * * *
The worker ant closely misses you.
Drink which item? (? for menu, Esc to quit)
You are confused.
You feel invigorated.
You constrict the worker ant.
You kill the worker ant!
Dithmenos accepts your kill.
You feel sick. The killer bee completely misses you.
The centaur shoots an arrow.
The arrow hits you.
* * * LOW HITPOINT WARNING * * *
The killer bee stings you.
* * * LOW HITPOINT WARNING * * *
You are more poisoned.
The killer bee poisons you!
The centaur shoots an arrow.
The arrow hits you!
You die...

###..
#########...)..
+.†@.....#
###.y....#
#.y....# #$.....#
#. .. #..)...# #(#
.. #.....y####(##.
#..c........((+###
#......#....$y...#
#..⌠.....#


You could see a centaur and 3 killer bees.

Vanquished Creatures
  Pikel (D:6)
  The ghost of Herrn the Sneak, a novice OpTm (D:7)
  2 hogs (D:7)
  5 humans (D:7)
  2 steam dragons
  Eustachio (D:6)
  2 yaks (D:7)
  Duvessa (D:6)
  2 ogres
  A slave (D:6)
  An orc warrior (D:7)
  5 centaurs
  3 giant frogs
  Blork the orc (D:6)
  3 big kobolds (D:3)
  3 water moccasin zombies (Ossuary)
  Dowan (D:6)
  A scorpion (D:5)
  2 crimson imps
  2 jellies
  4 orc priests
  3 worker ants
  2 giant frog skeletons
  6 orc wizards
  A centaur skeleton (D:4)
  An iguana (D:6)
  A killer bee zombie (D:6)
  A big kobold zombie (Ossuary)
  2 mummies (Ossuary)
  A worker ant zombie (D:6)
  11 gnolls
  6 adders
  2 shadow imps (D:8)
  An adder skeleton (D:8)
  6 adder zombies
  2 oozes (D:1)
  A worm (D:3)
  7 giant geckos
  29 orcs
  5 bats
  3 giant cockroaches
  6 gnoll zombies (Ossuary)
  40 goblins
  27 hobgoblins
  14 jackals
  2 quokkas
  2 giant gecko skeletons
  5 giant newts
  5 hobgoblin zombies (Ossuary)
  4 kobolds
  5 kobold zombies (Ossuary)
  4 orc zombies (Ossuary)
  4 rats
253 creatures vanquished.

Vanquished Creatures (others)
  An adder (D:6)
1 creature vanquished.

Grand Total: 254 creatures vanquished

Notes
Turn   | Place    | Note
--------------------------------------------------------------
     0 | D:1      | Ordine the Octopode Fighter began the quest for the Orb.
     0 | D:1      | Reached XP level 1. HP: 16/16 MP: 1/1
    71 | D:1      | Reached XP level 2. HP: 9/21 MP: 2/2
   672 | D:1      | Reached XP level 3. HP: 22/26 MP: 3/3
  1474 | D:2      | Found a faded altar to an unknown god.
  2264 | D:3      | Reached XP level 4. HP: 15/33 MP: 4/4
  2298 | D:3      | Reached skill level 4 in Fighting
  3001 | D:3      | Reached XP level 5. HP: 16/38 MP: 5/5
  3233 | D:3      | Noticed a big kobold
  3233 | D:3      | Noticed a big kobold
  3233 | D:3      | Noticed a big kobold
  3307 | D:3      | Killed a big kobold
  3307 | D:3      | Reached skill level 5 in Fighting
  3335 | D:3      | Killed a big kobold
  3335 | D:3      | Reached XP level 6. HP: 45/45 MP: 6/6
  3355 | D:3      | Killed a big kobold
  3536 | D:3      | Reached skill level 5 in Long Blades
  3872 | D:3      | Found a glowing silver altar of Zin.
  4021 | D:4      | Reached XP level 7. HP: 33/51 MP: 7/7
  4257 | D:4      | Reached skill level 6 in Fighting
  4277 | D:4      | Found a staircase to the Ecumenical Temple.
  4433 | Temple   | Entered the Ecumenical Temple
  4651 | D:4      | Found an ancient bone altar of Kikubaaqudgha.
  4777 | D:4      | Got an ebony war axe
  4778 | D:4      | Identified the +12 war axe of Descent {antimagic, rN+ Str+4} (You found it on level 4 of the Dungeon)
  4911 | D:5      | Entered Level 5 of the Dungeon
  4989 | D:5      | Noticed a steam dragon
  4991 | D:5      | Noticed a steam dragon
  5013 | D:5      | Killed a steam dragon
  5381 | D:5      | Reached skill level 7 in Fighting
  5381 | D:5      | Reached XP level 8. HP: 46/60 MP: 8/8
  5693 | D:5      | Found a basalt altar of Yredelemnul.
  6147 | D:5      | Found a sacrificial altar of Ru.
  6293 | D:6      | Noticed Eustachio
  6594 | D:6      | Killed Eustachio
  6594 | D:6      | Reached skill level 8 in Fighting
  6595 | D:6      | Noticed Dowan
  6598 | D:6      | Noticed Duvessa
  6857 | D:6      | Killed Dowan
  6884 | D:6      | Killed Duvessa
  6981 | D:6      | HP: 3/61 [steam dragon (5)]
  6986 | D:6      | Killed a steam dragon
  7231 | D:6      | Reached XP level 9. HP: 61/67 MP: 9/9
  7344 | D:6      | Noticed Pikel
  7371 | D:6      | Killed Pikel
  7371 | D:6      | Reached skill level 9 in Fighting
  7582 | D:6      | Found an opulent altar of Gozag.
  7860 | D:6      | Noticed Blork the orc
  7869 | D:6      | Killed Blork the orc
  8038 | D:7      | Found a sand-covered staircase.
  8245 | Ossuary  | Entered an ossuary
  8635 | Ossuary  | Gained mutation: Your system is resistant to poisons. [potion of mutation]
  8635 | Ossuary  | Gained mutation: Your body sometimes deteriorates upon taking damage. [potion of mutation]
  8635 | Ossuary  | Gained mutation: You are partially covered in thin metallic scales (AC +2). [potion of mutation]
  8636 | Ossuary  | Gained mutation: You occasionally shout uncontrollably at your foes. [potion of mutation]
  8636 | Ossuary  | Gained mutation: Potions and wands are less effective at restoring your health. [potion of mutation]
  8716 | D:7      | Found a shattered altar of Ashenzari.
  8744 | D:7      | Reached skill level 10 in Fighting
  8969 | D:7      | Found a snail-covered altar of Cheibriados.
  9012 | D:7      | Found a shadowy altar of Dithmenos.
  9030 | D:7      | Became a worshipper of Dithmenos the Shadowed
  9166 | D:7      | Reached XP level 10. HP: 8/77 MP: 2/10
  9171 | D:7      | Reached skill level 10 in Long Blades
  9769 | D:7      | Noticed Herrn's ghost (novice OpTm)
  9852 | D:7      | Killed Herrn's ghost
  9852 | D:7      | Reached skill level 11 in Fighting
 10516 | D:8      | Found Yxzuecw's Antique Weapon Shoppe.
 10542 | D:8      | Bought a glowing double sword for 360 gold pieces
 10599 | D:8      | Noticed Ordine's ghost (novice OpFi)
 10621 | D:8      | HP: 2/79 [killer bee (3)]
 10621 | D:8      | Shot with an arrow by a centaur

Vault maps used:
D:1:      lemuel_arrival_cross
D:2:      first_bread, serial_forest, infiniplex_forest_clump_curved,
          infiniplex_forest_end_2, infiniplex_forest_zigzag_2,
          infiniplex_forest_clump_curved, infiniplex_forest_fountain,
          ecumenical_altar_1, serial_park_tiny_1
D:3:      minmay_goblin_kobold_castle, overflow_temple_1_default
D:4:      kennysheep_mini, minmay_temple_entry_trees
D:5:      kennysheep_steamy, basic_altar, nicolae_ru_path_of_blood
D:6:      lemuel_coloured_pillars_altar, uniq_pikel, uniq_blork_the_orc,
          uniq_duvessa, uniq_eustachio
D:7:      evilmike_ruin_ashenzari, nicolae_dithmenos_through_a_glass_darkly,
          lemuel_round_altar, serial_glass, glass_columns_a, glass_columns_a,
          feat_on_display, item_on_display_a, enter_ossuary_1, grunt_livestock,
          minmay_ruffians
D:8:      serial_shops, shop, solitary_fountain, kennysheep_windowed_goal
Temple:   zaba_magenta_temple_12
Ossuary:  ossuary_tomb_2

Action                   |  1- 3 |  4- 6 |  7- 9 | 10-12 || total
-------------------------+-------+-------+-------+-------++-------
Melee: Long sword        |    66 |   151 |   367 |   143 ||   727
       Double sword      |       |       |       |     9 ||     9
Throw: Stone             |       |     2 |    10 |    10 ||    22
Evoke: Wand              |       |       |     6 |       ||     6
  Use: Scroll            |     3 |     2 |     8 |     4 ||    17
       Potion            |       |     1 |    11 |     4 ||    16
 Stab: Sleeping          |     7 |     3 |    11 |     2 ||    23
       Distracted        |       |       |     1 |       ||     1
  Eat: Chunk             |     4 |     6 |    14 |     5 ||    29
       Fruit             |       |       |     3 |       ||     3
